 Dungeon Crawl Stone Soup version 0.31-a0-174-g85c54bcb58 (webtiles) character file.

Game seed: 1873194806362443407

93264 DeathSun the Severer (level 15, -19/128 HPs)
             Began as a Demigod Fighter on June 16, 2023.
             Killed from afar by a merfolk aquamancer (38 damage)
             ... with a torrent of water
             ... on level 1 of the Shoals.
             The game lasted 01:23:16 (26304 turns).

DeathSun the Severer (Demigod Fighter)             Turns: 26304, Time: 01:23:16

Health: -19/128    AC: 23    Str: 33    XL:     15   Next: 18%
Magic:  25/25      EV:  5    Int: 15    God:
Gold:   48         SH:  0    Dex: 14    Spells: 13/22 levels left

rFire   + . .        a - +0 war axe (heavy)
rCold   + . .        V - +3 buckler of the Arcane {rF++ Int+2}
rNeg    . . .        N - +2 chain mail "Muamojet" {Regen+ Int-4 SInv}
rPois   .            M - +2 helmet {Int+3}
rElec   .            j - +2 cloak
rCorr   +            t - +0 pair of fencer's gloves {Riposte Dex+3}
SInv    +            T - +1 pair of boots
Will    ++++.        Y - amulet of the acrobat Stlth
                     G - ring of Hoseeme {Ice Will+ rCorr}
HPRegen 1.21/turn    y - ring of willpower
MPRegen 0.19/turn

%: acrobat
@: lethally poisoned (-19 -> -31), held, invisible, unable to read
A: high MP 1, forlorn, divine attributes, clumsy 1, strong-willed 1, inability
to read after injury 1
a: no special abilities


You were on level 1 of the Shoals.
You visited 4 branches of the dungeon, and saw 23 of its levels.
You visited the Abyss 1 time.
You visited 1 bazaar.
You also visited: Sewer and Ossuary.

You collected 2277 gold pieces.
You spent 2229 gold pieces at shops.

Inventory:

Hand Weapons
 a - a +0 heavy war axe (weapon)
 i - a +0 broad axe of chaos
Missiles
 H - 2 throwing nets
Armour
 c - a +2 plate armour of positive energy
 j - a +2 cloak (worn)
 t - the +0 pair of fencer's gloves (worn) {Riposte Dex+3}
   (You bought it in a shop in a bazaar)

   Riposte:   It allows the wearer to riposte with melee weapons, swiftly
   retaliating against missed or blocked melee attacks.
   Dex:       It affects your dexterity (+3).
 M - a +2 helmet of intelligence (worn)
 N - the +2 chain mail "Muamojet" (worn) {Regen+ Int-4 SInv}
   (You bought it in a shop on level 7 of the Dungeon)

   Int:       It affects your intelligence (-4).
   SInv:      It lets you see invisible.
   Regen:     It increases your rate of health regeneration.
 T - a +1 pair of boots (worn)
 V - the +3 buckler of the Arcane (worn) {rF++ Int+2}
   (You acquired it on level 3 of the Dungeon)

   Int:       It affects your intelligence (+2).
   rF:        It greatly protects you from fire.
Jewellery
 y - a ring of willpower (right hand)
 F - a +6 ring of dexterity
 G - the ring of Hoseeme (left hand) {Ice Will+ rCorr}
   (You found it on level 9 of the Dungeon)

   [ring of ice]

   It enhances your ice magic.
   rF:        It makes you vulnerable to fire.
   rC:        It protects you from cold.
   rCorr:     It protects you from acid and corrosion.
   Will:      It increases your willpower.
 Y - an amulet of the acrobat (around neck)
Wands
 z - a wand of polymorph (4)
 B - a wand of flame (47) (quivered)
 D - a wand of digging (21)
 I - a wand of roots (20)
 K - a wand of acid (9)
 R - a wand of mindburst (7)
 U - a wand of paralysis (35)
Scrolls
 b - 3 scrolls of fear
 f - 4 scrolls of summoning
 g - 3 scrolls of revelation
 k - 3 scrolls of identify
 l - a scroll of immolation
 n - 5 scrolls of teleportation
 r - a scroll of fog
 u - 6 scrolls of blinking
 v - 3 scrolls of poison
 w - 5 scrolls of enchant armour
 E - 2 scrolls of amnesia
 L - a scroll of silence
 P - 2 scrolls of enchant weapon
 Q - 8 scrolls of vulnerability
Potions
 d - a potion of resistance
 e - 10 potions of curing
 h - 6 potions of enlightenment
 o - 2 potions of attraction
 p - 2 potions of magic
 q - 4 potions of might
 s - 2 potions of haste
 x - a potion of lignification
 C - 7 potions of ambrosia
 J - 5 potions of brilliance
 S - 2 potions of cancellation
Miscellaneous
 A - a phial of floods
 O - a phantom mirror
 W - a box of beasts


   Skills:
 + Level 10.4 Fighting
 * Level 16.2 Axes
 + Level 8.8 Armour
 + Level 4.1 Shields
 - Level 4.0 Spellcasting
 + Level 1.0 Summonings
 - Level 12.0 Translocations
 + Level 9.5 Evocations


You had 13 spell levels left.
You knew the following spells:

 Your Spells              Type           Power      Damage    Failure   Level
a - Manifold Assault      Tloc           39%        N/A       4%          4
b - Summon Forest         Summ/Tloc      11%        N/A       77%         5

Your spell library contained the following spells:

 Spells                   Type           Power      Damage    Failure   Level
 Blink                    Tloc           78%        N/A       1%          2
 Vhi's Electric Charge    Tloc/Air       42%        N/A       16%         3
 Beastly Appendage        Tmut           6%         N/A       54%         1
 Magic Dart               Conj           12%        1d3       54%         1
 Necrotise                Necr           12%        1d4       54%         1
 Call Imp                 Summ           12%        N/A       54%         2
 Dispersal                Tloc           19%        N/A       56%         6
 Ensorcelled Hibernation  Hex/Ice        8%         N/A       67%         2
 Sublimation of Blood     Necr           3%         N/A       67%         2
 Wereblood                Tmut           3%         N/A       67%         2
 Mephitic Cloud           Conj/Pois/Air  3%         N/A       88%         3
 Spider Form              Tmut/Pois      3%         N/A       88%         3
 Vampiric Draining        Necr           3%         2d6       88%         3
 Anguish                  Hex/Necr       1%         N/A       99%         4
 Agony                    Necr           3%         N/A       100%        5
 Arcjolt                  Conj/Air       1%         1d11      100%        5
 Fireball                 Conj/Fire      1%         3d3       100%        5
 Iskenderun's Battlesphe  Conj           3%         2d6       100%        5
 Conjure Ball Lightning   Conj/Air       1%         3x3d6     100%        6
 Eringya's Noxious Bog    Tmut/Pois      1%         N/A       100%        6
 Orb of Destruction       Conj           1%         9d5       100%        7
 Storm Form               Tmut/Air       1%         N/A       100%        7
 Summon Hydra             Summ           3%         N/A       100%        7
 Disjunction              Tloc           19%        N/A       100%        8
 Maxwell's Capacitive Co  Air            1%         ∞         100%        8


Dungeon Overview and Level Annotations

Branches:
Dungeon (15/15)            Temple (0/1) D:5            Lair (5/5) D:8
 Shoals (1/4) Lair:3       Spider (0/4) Lair:2        Slime (0/5) Lair:4
    Orc (2/2) D:12            Elf (0/3) Orc:2        Vaults (0/5) D:14
 Depths (0/4) D:15          Sewer (visited)         Ossuary (visited)

Shops:
D:3 ?**?*   D:5 *   D:7 [   D:10 ?   Orc:1 !   Orc:2 [(!*

Portals:
Trove: D:14 (give 16 potions of curing)

Annotations:
D:9 2 transporters
D:10 4 runed translucent doors
Lair:2 3 runed translucent doors, Sensen's ghost, adept MiFi
Lair:4 exclusion: oklob plant


Innate Abilities, Weirdness & Mutations

You have an increased reservoir of magic. (+10% MP)
You shall have no god before yourself.
Your divine heritage dramatically boosts your attributes as you level up.
You are clumsy. (Dex -2)
You are strong-willed. (Will+)
You occasionally lose the ability to read scrolls when taking damage.


Message History

The merfolk impaler hits you with a +2 demon trident of venom!
You are more poisoned.
You block the merfolk impaler's attack.
The manticore flicks its tail.
The merfolk aquamancer casts a spell at you.
The torrent of water hits you!
* * * LOW HITPOINT WARNING * * *
You stop ascending the stairs.
You are knocked back by the torrent of water.
The wave splashes down.
Splash!
You fall into the shallow water.
Moving in this stuff is going to be slow. ...and don't expect to remain undetected.
You hear a shout!
You hear an angry hiss.
You hear a shout! x3
Okay, then.
You feel extremely sick.
The harpy dies!
The merfolk impaler completely misses you.
A merfolk aquamancer comes into view.
It is wielding a +0 rapier of electrocution.
The manticore flicks its tail.
The volley of spikes hits the merfolk impaler.
You block the merfolk impaler's attack.
You riposte.
You slice the merfolk impaler!!
The merfolk impaler is heavily wounded.
You slice the merfolk aquamancer!!
The merfolk throws a throwing net.
The throwing net hits you.
You become entangled in the net!
The merfolk impaler hits you with a +2 demon trident of venom.
* * * LOW HITPOINT WARNING * * *
You are more poisoned.
There is a staircase back to the Lair, spattered with blood here.
You see here a throwing net.
Unknown command.
Okay, then.
As you read the scroll of fog, it dissolves into smoke.
You feel very sick.
The merfolk aquamancer casts a spell at you.
The torrent of water hits you!!!
You feel threatened and lose the ability to read scrolls!
You die...

...~~~~.[~≈≈≈≈≈
.m~~~~~~~≈≈≈≈≈≈
...~.~~≈≈≈≈≈~~~
~..~~≈≈≈≈≈~~~ ..
..~mm≈≈~~~~~
.~~. #§.m~~~~~..
.~~~.#.§§§~≈~...
.~~~...§@m≈≈~...
....H..m§§~~~~..
~~~...~~~..~~...
~~~...~~.......~
~~~..~~~.##..~~~
~~~~.~~~## .~~~~
~~~~~~~.. ~~~.
~~~~~~~.. .~~.
~~~~~.. ~~~


You could see a merfolk impaler (unable to see you, skewered), a merfolk
aquamancer, 3 merfolk and a manticore (unable to see you).

Vanquished Creatures
  Azrael (Orc:1)
  5 hydras
  The ghost of Jugyrem the Black Belt, a journeyman DsCA of Wu Jian (D:15)
  4 two-headed ogres
  Erica (D:8)
  Erolcha (Orc:1)
  A merfolk avatar (Lair:3)
  8 centaur warriors
  3 catoblepae
  3 boulder beetles
  2 tengu warriors
  A death yak (Lair:5)
  Urug (Lair:2)
  Sonja (Lair:3)
  3 skysharks
  A wretched star (Abyss:3)
  Amaemon (D:9)
  A sea snake (Lair:3)
  A flayed ghost (D:12)
  Pikel (D:8)
  An orc knight (Orc:1)
  2 manticores (Lair:3)
  A necromancer (D:15)
  A wizard (D:15)
  4 deep elf pyromancers
  4 harpies
  2 wolf spider zombies (D:15)
  6 orc sorcerers (Orc:2)
  3 ugly things
  2 cyclopes
  5 black mambas
  7 elephants
  2 torpor snails
  A merfolk siren (Lair:3)
  5 cane toads
  A naga mage (D:15)
  A centaur skeleton (D:15)
  2 gargoyles
  An orange demon (D:9)
  4 komodo dragons
  2 kobold demonologists
  The ghost of paps the Sneak, a novice OpFi of Ashenzari (D:6)
  5 rime drakes
  A freezing wraith (D:15)
  3 efreet
  2 tengu conjurers
  7 trolls
  12 polar bears
  3 meliai (D:14)
  3 merfolk (Lair:3)
  5 hornets (Lair:5)
  26 blink frogs
  10 dream sheep
  A snapping turtle (Lair:3)
  15 slime creatures
  13 spriggans (Lair:5)
  5 water elementals
  Sigmund (D:2)
  A shadow (D:12)
  6 wraiths
  2 vampires
  5 fire elementals
  3 fire bats (D:12)
  55 yaks
  7 wyverns
  2 basilisks
  2 steam dragons
  7 vampire mosquitoes (D:13)
  12 wargs
  7 acid dragons
  3 hell hounds
  11 water moccasins
  11 orc warriors
  Duvessa (D:5)
  7 ice beasts
  A black bear (D:8)
  2 sky beasts
  10 ogres
  8 centaurs
  4 boggarts (Lair:5)
  37 wolves
  4 lemures (D:8)
  A phantom (D:6)
  7 kobold brigands
  11 bullfrogs
  3 necrophages (D:4)
  A gnoll sergeant (D:8)
  A scorpion (D:5)
  4 wights
  Dowan (D:5)
  4 killer bees (D:9)
  6 howler monkeys (D:9)
  4 electric eels (D:12)
  A bullfrog zombie (D:4)
  4 hounds
  A human zombie (D:4)
  3 jellies
  11 orc priests
  A gnoll bouda (D:7)
  Jessica (D:2)
  Ijyb (D:3)
  34 orc wizards
  4 iguanas
  A scorpion zombie (D:4)
  A howler monkey zombie (D:4)
  5 mummies
  Robin (D:2)
  8 adders
  14 gnolls
  2 ufetubi
  An adder zombie (D:4)
  2 dart slugs
  3 worms
  64 orcs
  3 spectral bats (Ossuary)
  12 endoplasms
  5 giant cockroaches
  12 gnoll zombies (Ossuary)
  10 hobgoblins
  5 jackals
  7 quokkas
  9 ball pythons
  12 bats
  4 bat simulacra (Ossuary)
  3 frilled lizards
  10 goblins
  5 goblin zombies (Ossuary)
  7 hobgoblin zombies
  18 kobolds
  2 kobold simulacra (Ossuary)
  2 kobold zombies (Ossuary)
  6 orc zombies
  9 rats
  4 rat simulacra (Ossuary)
  3 spectral goblins (Ossuary)
  4 spectral kobolds (Ossuary)
  A spectral rat (Ossuary)
778 creatures vanquished.

Vanquished Creatures (others)
  A centaur warrior (Shoals:1)
  A harpy (Shoals:1)
  An orc (Orc:2)
3 creatures vanquished.

Grand Total: 781 creatures vanquished

Notes
Turn   | Place    | Note
-------+----------+-------------------------------------------
     0 | D:1      | DeathSun the Demigod Fighter began the quest for the Orb.
     0 | D:1      | Reached XP level 1. HP: 18/18 MP: 3/3
    13 | D:1      | Reached skill level 2 in Axes
   220 | D:1      | Reached XP level 2. HP: 20/25 MP: 4/4
   599 | D:1      | Reached skill level 3 in Axes
  1133 | D:2      | Noticed Robin
  1190 | D:2      | Reached XP level 3. HP: 30/30 MP: 5/5
  1368 | D:2      | Killed Robin
  1369 | D:2      | Reached skill level 4 in Axes
  1376 | D:2      | Reached XP level 4. HP: 25/37 MP: 6/6
  1746 | D:2      | Noticed Jessica
  1757 | D:2      | Killed Jessica
  1919 | D:2      | Noticed Sigmund
  2113 | D:3      | Found Ovoox's Magic Scroll Shoppe.
  2116 | D:3      | Bought a scroll of identify for 20 gold pieces
  2116 | D:3      | Bought a scroll of teleportation for 30 gold pieces
  2123 | D:3      | Found Sidos's Assorted Antiques.
  2129 | D:3      | Bought 2 pink potions for 32 gold pieces
  2504 | D:3      | Found a glowing drain.
  2537 | Sewer    | Entered a sewer
  2574 | Sewer    | Noticed a kobold brigand
  2581 | Sewer    | Killed a kobold brigand
  2582 | Sewer    | Reached skill level 5 in Axes
  2582 | Sewer    | Reached XP level 5. HP: 32/42 MP: 7/7
  2791 | Sewer    | Reached skill level 6 in Axes
  2903 | D:3      | Noticed Ijyb
  2936 | D:3      | Killed Ijyb
  2937 | D:3      | Reached XP level 6. HP: 24/50 MP: 8/8
  3091 | D:3      | Found Vafoycya's General Store.
  3200 | D:3      | Found Nuuwnio's Magic Scroll Emporium.
  3354 | D:3      | You fall into a shaft and drop 1 floor!
  3390 | D:5      | Entered Level 5 of the Dungeon
  3426 | D:4      | Found a sand-covered staircase.
  3434 | Ossuary  | Entered an ossuary
  4536 | D:4      | Reached skill level 7 in Axes
  4536 | D:4      | Reached XP level 7. HP: 57/57 MP: 9/9
  5056 | D:3      | Found Igeill's Assorted Antiques.
  5115 | D:3      | Reached skill level 8 in Axes
  5587 | D:2      | Killed Sigmund
  5791 | D:5      | Found Jeqarri's Neck Hole.
  5856 | D:5      | Reached XP level 8. HP: 66/67 MP: 10/10
  5909 | D:5      | Found a staircase to the Ecumenical Temple.
  6123 | D:5      | Noticed Dowan
  6126 | D:5      | Noticed Duvessa
  6133 | D:5      | Killed Dowan
  6145 | D:5      | HP: 2/67 [Duvessa/+0 short sword (13)]
  6146 | D:5      | Killed Duvessa
  6147 | D:5      | Reached skill level 5 in Fighting
  6776 | D:6      | Reached skill level 9 in Axes
  7034 | D:6      | Found a transporter.
  7035 | D:6      | Noticed paps's ghost (novice OpFi)
  7036 | D:6      | Found a transporter.
  7743 | D:7      | Reached skill level 10 in Axes
  7816 | D:7      | Reached XP level 9. HP: 40/75 MP: 11/11
  8515 | D:7      | Found Ackary's Armour Shoppe.
  8518 | D:7      | Bought the +2 chain mail "Muamojet" {Regen+ Int-4 SInv} for
                  | 224 gold pieces
  8659 | D:8      | Noticed Pikel
  8664 | D:8      | Reached skill level 11 in Axes
  8665 | D:8      | Noticed a rime drake
  8681 | D:8      | Killed Pikel
  8682 | D:8      | Reached skill level 12 in Axes
  8684 | D:8      | Killed a rime drake
  8741 | D:8      | Found a staircase to the Lair.
  8824 | D:8      | Noticed Erica
  8837 | D:8      | Killed Erica
  8838 | D:8      | Reached skill level 13 in Axes
  8838 | D:8      | Reached XP level 10. HP: 26/83 MP: 13/13
  9249 | D:6      | Killed paps's ghost
  9495 | D:9      | Learned a level 4 spell: Manifold Assault
  9579 | D:9      | Identified the ring of Hoseeme {Ice Will+ rCorr}
  9583 | D:9      | Noticed Amaemon
  9603 | D:9      | Killed Amaemon
  9604 | D:9      | Reached skill level 1 in Translocations
  9609 | D:9      | Reached skill level 14 in Axes
  9670 | D:9      | Noticed a two-headed ogre
  9679 | D:9      | Killed a two-headed ogre
  9840 | D:9      | Found a transporter.
  9864 | D:9      | Found a transporter.
  9884 | D:9      | Found a transporter.
  9911 | D:9      | Found a transporter.
 10086 | D:10     | Entered Level 10 of the Dungeon
 10596 | D:10     | Found Wyepnin's Magic Scroll Shoppe.
 10618 | D:10     | Bought a scroll of teleportation for 36 gold pieces
 10618 | D:10     | Bought a scroll of teleportation for 36 gold pieces
 10822 | D:10     | Found a huge runed translucent gate.
 10822 | D:10     | Found a huge runed translucent gate.
 10822 | D:10     | Found a huge runed translucent gate.
 10822 | D:10     | Noticed a death yak
 10823 | D:10     | Found a huge runed translucent gate.
 11125 | D:11     | Noticed a two-headed ogre
 11153 | D:11     | Killed a two-headed ogre
 11154 | D:11     | Reached XP level 11. HP: 70/89 MP: 14/14
 11732 | D:12     | Found a staircase to the Orcish Mines.
 11906 | D:12     | Reached skill level 5 in Armour
 11933 | D:12     | Noticed a two-headed ogre
 11941 | D:12     | Killed a two-headed ogre
 11942 | D:12     | Reached skill level 15 in Axes
 12226 | D:12     | Noticed a tengu warrior
 12239 | D:12     | Killed a tengu warrior
 12240 | D:12     | Reached skill level 5 in Translocations
 12542 | D:13     | Noticed a centaur warrior
 12545 | D:13     | Killed a centaur warrior
 12546 | D:13     | Noticed a boulder beetle
 12592 | D:12     | Reached skill level 1 in Evocations
 12768 | D:12     | Found a runed translucent door.
 12843 | D:12     | Noticed a flayed ghost
 13038 | D:12     | Killed a flayed ghost
 13044 | D:12     | Identified the staff of poison "Wage" {rPois rF+}
 13166 | D:13     | Killed a boulder beetle
 13167 | D:13     | Reached XP level 12. HP: 91/96 MP: 15/15
 13220 | D:13     | Reached skill level 16 in Axes
 13581 | D:13     | Noticed a centaur warrior
 13589 | D:13     | Killed a centaur warrior
 13836 | D:13     | Noticed a centaur warrior
 13872 | D:13     | Reached skill level 5 in Evocations
 14038 | D:13     | Killed a centaur warrior
 14222 | D:14     | Noticed a six-headed hydra
 14222 | D:14     | Noticed a boulder beetle
 14222 | D:14     | Noticed a centaur warrior
 14335 | Orc:1    | Entered Level 1 of the Orcish Mines
 14353 | Orc:1    | Noticed Erolcha
 14367 | Orc:1    | Killed Erolcha
 14537 | Orc:1    | Found Riaps's Distillery.
 14748 | D:3      | Bought a scroll of blinking for 75 gold pieces
 14748 | D:3      | Bought a scroll of acquirement for 520 gold pieces
 14748 | D:3      | Acquired the +3 buckler of the Arcane {rF++ Int+2}
 15229 | Orc:2    | Entered Level 2 of the Orcish Mines
 15445 | Orc:2    | Noticed Azrael
 15570 | Orc:1    | Killed Azrael
 15839 | Orc:2    | Paralysed by an orc sorcerer for 2 turns
 16084 | Orc:2    | Found Ugevim's Antique Armour Shop.
 16084 | Orc:2    | Found Zemodieff's Weapon Shoppe.
 16206 | Orc:2    | Reached XP level 13. HP: 101/105 MP: 16/16
 16261 | Orc:2    | Found Laohih's Distillery.
 16261 | Orc:2    | Found Tegged's Assorted Antiques.
 16365 | Orc:2    | Found a staircase to the Elven Halls.
 16683 | Lair:1   | Entered Level 1 of the Lair of Beasts
 17153 | Lair:2   | Noticed Urug
 17166 | Lair:2   | Killed Urug
 17169 | Lair:2   | Reached skill level 1 in Spellcasting
 17225 | Lair:1   | Reached skill level 10 in Translocations
 17836 | Lair:2   | Found a hole to the Spider Nest.
 18101 | Lair:2   | Found a runed translucent gate.
 18102 | Lair:2   | Found a runed translucent gate.
 18103 | Lair:2   | Found a runed translucent gate.
 18110 | Lair:2   | Noticed Sensen's ghost (adept MiFi)
 18812 | Lair:3   | Found a staircase to the Shoals.
 18895 | Lair:3   | Noticed Sonja
 18913 | Abyss:1  | Cast into level 1 of the Abyss (Sonja)
 19142 | Abyss:4  | Gained mutation: You occasionally lose the ability to drink
                  | potions when taking damage. [a neqoxec]
 19157 | Abyss:4  | Gained mutation: You occasionally lose the ability to read
                  | scrolls when taking damage. [a neqoxec]
 19160 | Abyss:4  | Gained mutation: You sometimes lose the ability to read
                  | scrolls when taking damage. [a neqoxec]
 19167 | Lair:3   | Escaped the Abyss
 20327 | Lair:5   | Entered Level 5 of the Lair of Beasts
 20653 | Lair:4   | Found a staircase to the Slime Pits.
 20788 | Lair:4   | Reached XP level 14. HP: 76/116 MP: 20/20
 23812 | D:14     | Found a gate to the Vaults.
 24280 | D:14     | Found a portal to a secret trove of treasure.
 24674 | D:15     | Entered Level 15 of the Dungeon
 24716 | D:15     | Noticed Jugyrem's ghost (journeyman DsCA)
 24734 | D:15     | Found a runed translucent door.
 24747 | D:15     | Killed Jugyrem's ghost
 24759 | D:15     | Lost mutation: You occasionally lose the ability to drink
                  | potions when taking damage. [potion of mutation]
 24759 | D:15     | Lost mutation: You sometimes lose the ability to read
                  | scrolls when taking damage. [potion of mutation]
 24759 | D:15     | Gained mutation: You are strong-willed. (Will+) [potion of
                  | mutation]
 24759 | D:15     | Gained mutation: You occasionally shout uncontrollably at
                  | your foes. [potion of mutation]
 24760 | D:15     | Lost mutation: You occasionally lose the ability to read
                  | scrolls when taking damage. [potion of mutation]
 24760 | D:15     | Lost mutation: You occasionally shout uncontrollably at
                  | your foes. [potion of mutation]
 24760 | D:15     | Gained mutation: You occasionally lose the ability to read
                  | scrolls when taking damage. [potion of mutation]
 24760 | D:15     | Gained mutation: You are clumsy. (Dex -2) [potion of
                  | mutation]
 24804 | D:15     | Reached skill level 10 in Fighting
 24848 | D:15     | Found a gateway to a bazaar.
 24857 | Bazaar   | Entered a bazaar
 24883 | Bazaar   | Found Ivuiph's Antique Armour Shoppe.
 24899 | Bazaar   | Found Bovun's Jewellery Emporium.
 24915 | Bazaar   | Found Ikhurphiesa's General Store.
 24915 | Bazaar   | Found Qavao's Jewellery Shoppe.
 24937 | Bazaar   | Found Wonnat's Distillery.
 24937 | Bazaar   | Found Ipoad's Assorted Antiques.
 25019 | Bazaar   | Bought the +0 pair of fencer's gloves {Riposte Dex+3} for
                  | 1040 gold pieces
 25019 | Bazaar   | Found the +0 pair of fencer's gloves {Riposte Dex+3}
 25056 | Bazaar   | Bought a potion of curing for 36 gold pieces
 25070 | Bazaar   | Bought a potion of curing for 45 gold pieces
 25070 | Bazaar   | Bought a potion of curing for 45 gold pieces
 25070 | Bazaar   | Bought a potion of curing for 45 gold pieces
 25070 | Bazaar   | Bought a potion of curing for 45 gold pieces
 25466 | D:15     | Reached XP level 15. HP: 110/126 MP: 25/25
 25565 | D:15     | Found a staircase to the Depths.
 26008 | Shoals:1 | Entered Level 1 of the Shoals
 26055 | Lair:3   | Killed Sonja
 26143 | Lair:3   | Learned a level 5 spell: Summon Forest
 26301 | Shoals:1 | Reached skill level 1 in Summonings
 26304 | Shoals:1 | Killed from afar by a merfolk aquamancer

Illustrated notes

Levels and vault maps discovered:
D:1:      minmay_arrival_shattered_statue, layout_loops_ring, st_stairs_13
D:2:      minmay_chambers_of_twos, layout_loops_cross, serial_co_window_serial,
          co_window_paths_a, co_window_paths_a, co_window_paths_a,
          co_window_cross_1, co_window_corner_a, co_window_of_opportunity_c,
          co_window_paths_c, co_window_cross_2, co_window_corner_b,
          glass_columns_c, glass_columns_a, glass_columns_b, glass_columns_c,
          glass_columns_c, uniq_jessica, uniq_sigmund, uniq_robin
D:3:      layout_loops_ring, gup_sewer_entry_glass, serial_shops,
          nicolae_shop_crystal, shop, nicolae_shop_rolling_square, shop_scrolls,
          nicolae_shop_tiny_statue_garden, hangedman_decor_peaks_small,
          uniq_ijyb
D:4:      layout_basic, lemuel_mausoleum_altar_kikubaaqudgha,
          nicolae_ossuary_entry_giza
D:5:      layout_loops_ring, nicolae_tso_swordbearing_angel, fedhas_altar_1,
          minmay_temple_entry_crystal_x, nicolae_shop_sticking_my_neck_out,
          uniq_duvessa
D:6:      layout_loops_ring, ashenzari_conservatory_becter,
          gammafunk_ghost_smash
D:7:      layout_rooms, serial_shops, kennysheep_mini_moat,
          grunt_decor_one_mirror, hangedman_decor_diamond_cutter, chequers_jeans
D:8:      layout_rooms, elyvilon_altar_1, hellmonk_lair_entry_icy, uniq_erica,
          uniq_pikel
D:9:      layout_rooms, nicolae_transporter_intersection, uniq_amaemon
D:10:     lemuel_bear_cage, layout_long_grid, lemuel_round_altar, serial_shops,
          nicolae_shop_real_fake_doors
D:11:     layout_long_grid
D:12:     due_megacathedral, layout_basic, orc_0_dummy, serial_bayou,
          serial_bayou_pond_b, serial_bayou_shore_b, serial_bayou_shore_b,
          serial_bayou_shore_a
D:13:     layout_basic
D:14:     layout_long_grid, david_vaults_1, trove_entry_hex_spiral,
          xom_redecorated
D:15:     grunt_enter_depths_magical_seal, layout_basic, serial_shops,
          bzr_entry_islet, hellmonk_ghost_happy_afterlife,
          nicolae_vehumet_altar_sigil, portal_ice_cave_entry_pillars_2,
          drop_trap
Lair:1:   layout_misc_corridors, grunt_megastairs_3, infiniplex_staircase_pool_2
Lair:2:   layout_cave_pods, dummy_spider_entry, ebering_ghost_rock_garden,
          uniq_urug
Lair:3:   layout_regular_city, elwin_shoals_entry_stream, uniq_sonja
Lair:4:   layout_cave_pods, slime_entry_1, lemuel_fruit_tree, grunt_megastairs_5
Lair:5:   minmay_lair_end_enchanted_forest, layout_loops_ring
Shoals:1: layout_shoals
Orc:1:    layout_caves, serial_shops, nicolae_shop_trees, uniq_erolcha
Orc:2:    st_orc_town, layout_caves, uniq_azrael

Skill      XL: |  1  2  3  4  5  6  7  8  9 10 11 12 13 14 15 |
---------------+----------------------------------------------+-----
Axes           | 2 3 4 5 6 7 8 10 13 14 15 16 | 16.2
Fighting       | 3 4 6 7 8 10 | 10.4
Armour         | 4 5 6 8 |  8.8
Translocations | 3 6 9 11 12 | 12.0
Evocations     | 2 6 7 9 |  9.5
Spellcasting   | 2 4 |  4.0
Shields        | 3 4 |  4.1
Summonings     | 1 |  1.0

Action                     |  1- 3 |  4- 6 |  7- 9 | 10-12 | 13-15 || total
---------------------------+-------+-------+-------+-------+-------++-------
  Melee: War axe           |   108 |   335 |   300 |   640 |   870 ||  2253
  Throw: Dart              |       |     3 |     5 |    44 |     7 ||    59
   Cast: Manifold Assault  |       |       |       |       |    18 ||    18
  Evoke: Wand              |       |       |       |    14 |    28 ||    42
         Box of beasts     |       |       |       |       |     1 ||     1
         Phial of floods   |       |       |       |       |     1 ||     1
    Use: Scroll            |       |     7 |     4 |    10 |    13 ||    34
         Potion            |       |     5 |     4 |     4 |    12 ||    25
   Stab: Invisible         |       |       |    13 |     4 |     6 ||    23
         Sleeping          |       |       |     3 |       |       ||     3
         Paralysed         |       |       |       |       |     1 ||     1
 Armour: Scale mail        |    38 |   177 |    80 |       |       ||   295
         Steam dragon scal |       |       |    19 |       |       ||    19
         Chain mail        |       |       |    41 |   365 |   722 ||  1128
         Skin              |       |       |       |    10 |       ||    10
         Plate armour      |       |       |       |    59 |     2 ||    61
  Dodge: Dodged            |    44 |   155 |   167 |   279 |   549 ||  1194
  Block: Buckler           |    25 |    61 |    85 |   203 |   490 ||   864
Riposte: War axe           |       |       |       |       |    27 ||    27

Table legend: (Time is in decaauts)
 A = Elapsed time spent in this place.
 B = Non-inter-level travel time spent in this place.
 C = Inter-level travel time spent in this place.
 D = Time resting spent in this place.
 E = Time spent auto-exploring this place.
 F = Levels seen in this place.
 G = Mean time per level.
                   A        B        C        D        E       F      G
               +--------+--------+--------+--------+--------+-----+--------+
         Total |  26779 |  23568 |   3211 |      0 |  16584 |  30 |  892.6 |
       Dungeon |  16765 |  14307 |   2458 |      0 |  10547 |  15 | 1117.7 |
          Lair |   6736 |   6195 |    541 |      0 |   4482 |   5 | 1347.2 |
        Shoals |     36 |     36 |      0 |      0 |      0 |   1 |   36.0 |
  Orcish Mines |   1877 |   1666 |    211 |      0 |    905 |   2 |  938.5 |
         Abyss |    253 |    253 |      0 |      0 |      0 |   4 |   63.2 |
        Bazaar |    229 |    229 |      0 |      0 |    103 |   1 |  229.0 |
         Sewer |    362 |    362 |      0 |      0 |    246 |   1 |  362.0 |
       Ossuary |    517 |    517 |      0 |      0 |    301 |   1 |  517.0 |
               +--------+--------+--------+--------+--------+-----+--------+

Top non-repeatable levels by time:
  Lair:5: 1780 daAuts
    D:12: 1579 daAuts
  Lair:4: 1501 daAuts
     D:2: 1484 daAuts
  Lair:3: 1420 daAuts
    D:14: 1394 daAuts
     D:1: 1357 daAuts
     D:4: 1303 daAuts
    D:13: 1189 daAuts
  Lair:2: 1163 daAuts
     D:3: 1094 daAuts
   Orc:2: 1092 daAuts
     D:7: 1048 daAuts
     D:9: 1016 daAuts
     D:6: 1007 daAuts
